 Dungeon Crawl Stone Soup version 0.21.1-1-g345015f (webtiles) character file.

101 Fang the Skirmisher (level 4, 0/43 HPs)
             Began as a Gargoyle Berserker on May 30, 2018.
             Was a Believer of Trog.
             Slain by SmSkdm's ghost (1 damage)
             ... on level 3 of the Dungeon.
             The game lasted 00:01:54 (1603 turns).

Fang the Skirmisher (Gargoyle Berserker)            Turns: 1603, Time: 00:01:55

Health: 0/43       AC:  5    Str: 27    XL:     4   Next: 75%
Magic:  13/13      EV: 12    Int:  7    God:    Trog [**....]
Gold:   95         SH:  0    Dex:  9    Spells: 3/3 levels left

rFire    x . .     SeeInvis .   a - +0 hand axe
rCold    + . .     Gourm    .   (no shield)
rNeg     + . .     Faith    .   b - +0 animal skin
rPois    ∞         Spirit   .   (no helmet)
rElec    +         Reflect  .   (no cloak)
rCorr    .         Harm     .   (no gloves)
MR       .....                  (no boots)
Stlth    ..........             (no amulet)
HPRegen  0.14/turn              l - ring of magical power
MPRegen  0.13/turn              p - ring of ice

@: berserking (expiring), very quick
A: negative energy resistance 1, electricity resistance, unbreathing,
petrification resistance, rot immunity, AC +3
a: Berserk, Trog's Hand, Burn Spellbooks, Renounce Religion


You were on level 3 of the Dungeon.
You worshipped Trog.
Trog was pleased with you.
You were very hungry.

You visited 1 branch of the dungeon, and saw 3 of its levels.

You collected 95 gold pieces.

Inventory:

Hand Weapons
 a - a +0 hand axe (weapon)
Armour
 b - a +0 animal skin (worn)
Jewellery
 g - an uncursed ring of wizardry
 l - a ring of magical power (left hand)
 p - a ring of ice (right hand)
Scrolls
 f - a scroll of enchant weapon {unknown}
 i - 4 scrolls of remove curse {unknown}
 j - 4 scrolls of identify {unknown}
 m - 2 scrolls of amnesia {unknown}
 n - a scroll of fog {unknown}
 o - a scroll of enchant armour {unknown}
 r - a scroll of blinking {unknown}
 s - a scroll of magic mapping {unknown}
Potions
 d - a potion of flight {unknown}
 e - 2 potions of magic {unknown}
 h - a potion of agility {unknown}
 k - a potion of lignification {unknown}
 q - a potion of degeneration {unknown}
 t - a potion of haste {unknown}
Comestibles
 c - 7 rations


   Skills:
 + Level 4.1 Fighting
 + Level 3.8 Axes
 + Level 2.3 Armour
 + Level 2.2 Dodging
 + Level 0.8 Stealth


You had 3 spell levels left.
You didn't know any spells.

Dungeon Overview and Level Annotations

Branches:
Dungeon (3/15)

Altars:
Ashenzari
Nemelex Xobeh
Qazlal
Vehumet

Annotations:
D:3 SmSkdm's ghost, amateur DrTm


Innate Abilities, Weirdness & Mutations

You are resistant to torment.
Your stone body is resilient. (AC +3)
You are immune to poison.
You resist negative energy. (rN+)
You are resistant to electric shocks. (rElec)
You can survive without breathing.
You are immune to petrification.
You are immune to rotting.


Message History

You hit SmSkdm's ghost but do no damage.
SmSkdm's ghost is lightly damaged.
SmSkdm's ghost closely misses you.
You barely miss SmSkdm's ghost.
SmSkdm's ghost is lightly damaged.
SmSkdm's ghost hits you.
* * * LOW HITPOINT WARNING * * *
You slash SmSkdm's ghost!
SmSkdm's ghost is moderately damaged.
You barely miss SmSkdm's ghost.
SmSkdm's ghost is moderately damaged.
SmSkdm's ghost hits you.
* * * LOW HITPOINT WARNING * * *
You miss SmSkdm's ghost.
SmSkdm's ghost is moderately damaged.
SmSkdm's ghost barely misses you.
You miss SmSkdm's ghost.
SmSkdm's ghost is moderately damaged.
SmSkdm's ghost hits you.
You die...

#....#.### ..#.......
#.........#
..###..##.## ..
#...†... ### .#
##.##.##
..#..######.#...#
#.###.#...........#..
#..†@W..........#....
#####.##.######.##.#.
#†# #........ #.#
#.#......
##############.##
#.####.#.
#...............# ###
#.###.#.
#.############.##
..###....#. #.# ###
#.#.#####. #.# ###.##
#.


You could see SmSkdm's ghost.

Vanquished Creatures
  A gnoll (D:1)
  2 adders (D:2)
  An ooze (D:3)
  3 dart slugs
  4 leopard geckos
  An orc (D:3)
  2 ball pythons (D:1)
  A giant cockroach (D:3)
  5 goblins
  5 hobgoblins
  11 jackals
  3 bats
  7 frilled lizards
  5 kobolds
  5 rats
56 creatures vanquished.

Notes
Turn   | Place    | Note
-------+----------+-------------------------------------------
     0 | D:1      | Fang the Gargoyle Berserker began the quest for the Orb.
     0 | D:1      | Reached XP level 1. HP: 14/14 MP: 1/1
    71 | D:1      | Reached XP level 2. HP: 19/19 MP: 2/2
   207 | D:1      | Reached XP level 3. HP: 4/24 MP: 3/3
   924 | D:2      | Reached ** piety under Trog
  1053 | D:2      | Found a stormy altar of Qazlal.
  1096 | D:2      | Reached skill level 4 in Fighting
  1096 | D:2      | Reached XP level 4. HP: 29/29 MP: 4/4
  1111 | D:2      | Found a radiant altar of Vehumet.
  1160 | D:2      | Found a sparkling altar of Nemelex Xobeh.
  1164 | D:2      | Found a shattered altar of Ashenzari.
  1452 | D:3      | Found a faded altar of an unknown god.
  1589 | D:3      | Noticed SmSkdm's ghost (amateur DrTm)
  1601 | D:3      | HP: 1/43 [SmSkdm's ghost (4)]
  1603 | D:3      | Slain by SmSkdm's ghost

Skill      XL: |  1  2  3  4 |
---------------+-------------+-----
Axes           | 3 |  3.8
Fighting       | 4 |  4.1
Dodging        | 2 |  2.2
Armour         | |  2.3
Stealth        | |  0.8

Action                   |  1- 3 |  4- 6 || total
-------------------------+-------+-------++-------
Melee: Hand axe          |   108 |    63 ||   171
Invok: Berserk           |     1 |     1 ||     2
 Stab: Sleeping          |       |     1 ||     1
  Eat: Chunk             |     1 |     2 ||     3
Armor: Animal skin       |    39 |    16 ||    55
Dodge: Dodged            |    76 |    48 ||   124
